 Dungeon Crawl Stone Soup version 0.28-a0-1594-ga885d4b3d6 (webtiles) character file.

Game seed: 17096743915709731381

254 HallandMoats the Skirmisher (level 6, -5/39 HPs)
             Began as a Gargoyle Fighter on Jan 21, 2022.
             Was a Believer of Ru.
             Slain by a gnoll (8 damage)
             ... on level 4 of the Dungeon.
             The game lasted 00:05:02 (3565 turns).

HallandMoats the Skirmisher (Gargoyle Fighter)      Turns: 3565, Time: 00:05:04

Health: -5/39      AC: 11    Str: 19    XL:     6   Next: 14%
Magic:  0/6        EV:  9    Int:  9    God:    Ru [**....]
Gold:   187        SH:  4    Dex: 11    Spells: 5/5 levels left

rFire   . . .      SeeInvis .   b - +1 mace (holy)
rCold   . . .      Faith    .   c - +0 buckler
rNeg    + . .      Spirit   +   h - +0 scale mail
rPois   ∞          Reflect  .   (no helmet)
rElec   +          Harm     .   (no cloak)
rCorr   .          Rampage  .   (no gloves)
Will    .....                   (no boots)
Stlth   ..........              j - amulet of guardian spirit
HPRegen 0.13/turn               (no ring)
MPRegen 0.10/turn               (no ring)

@: no status effects
A: sickness immunity, AC +4, low mp 1, negative energy resistance 1, electricity
resistance, torment resistance 1, petrification resistance, inability to use
devices
a: Renounce Religion


You were on level 4 of the Dungeon.
You worshipped Ru.
Ru was pleased with you.
You visited 1 branch of the dungeon, and saw 4 of its levels.

You collected 187 gold pieces.

Inventory:

Hand Weapons
 a - a +0 war axe
 b - a +1 mace of holy wrath (weapon)
Armour
 c - a +0 buckler (worn)
 h - a +0 scale mail (worn)
Jewellery
 j - an amulet of guardian spirit (around neck)
Scrolls
 f - a scroll of fear {unknown}
 g - a scroll of blinking
 i - a scroll of enchant armour
 l - a scroll of amnesia
 m - a scroll of fog
 p - a scroll of immolation
 q - a scroll of vulnerability {unknown}
 r - 2 scrolls of teleportation {unknown}
 u - a scroll of enchant weapon
Potions
 d - 2 potions of curing {unknown}
 k - a potion of berserk rage {unknown}
 n - a potion of attraction {unknown}
 o - a potion of flight {unknown}
 s - a potion of cancellation {unknown}
 t - a potion of haste {unknown}


   Skills:
 * Level 4.7 Fighting
 * Level 3.1 Axes
 + Level 4.1 Armour
 + Level 1.3 Dodging
 + Level 4.0 Shields
 * Level 1.3 Invocations


You had 5 spell levels left.
You didn't know any spells.
Your spell library was empty.

Dungeon Overview and Level Annotations

Branches:
Dungeon (4/15)
 Temple: D:4-7

Altars:
Ru

Shops:
D:2 :


Innate Abilities, Weirdness & Mutations

You are immune to sickness and miasma.
Your stone body is resilient. (AC +4)
You are immune to poison.
Your magical capacity is low. (-10% MP)
You resist negative energy. (rN+)
You are resistant to electric shocks. (rElec)
You are resistant to unholy torment.
You are immune to petrification.
You cannot study or use magical devices.


Message History

The gnoll hits you but does no damage.
You hit the gnoll.
The gnoll is almost dead.
The gnoll is stunned by your conviction and fails to attack.
You barely miss the gnoll.
The gnoll is almost dead.
You redirect the gnoll's attack!
The gnoll closely misses itself.
The gnoll hits you with a +0 flail!
* * * LOW HITPOINT WARNING * * *
You focus your inner power and blind the gnoll in retribution!
You barely miss the gnoll.
The gnoll is almost dead.
You block the gnoll's attack.
You hit the gnoll.
You kill the gnoll!
The gnoll barely misses you.
You hit the gnoll but do no damage.
The gnoll is severely wounded.
The gnoll closely misses you.
You barely miss the gnoll.
The gnoll is severely wounded.
The gnoll hits you but does no damage.
You hit the gnoll.
The gnoll is severely wounded.
The gnoll barely misses you. The gnoll closely misses you.
You barely miss the gnoll.
The gnoll is severely wounded.
The gnoll hits you with a +0 flail.
* * * LOW HITPOINT WARNING * * *
You closely miss the gnoll.
The gnoll is severely wounded.
The gnoll is stunned by your conviction and fails to attack.
You hit the gnoll but do no damage.
The gnoll is severely wounded.
The gnoll closely misses you. The gnoll hits you with a +0 flail!
* * * LOW HITPOINT WARNING * * *
You hit the gnoll but do no damage.
The gnoll is severely wounded.
The gnoll hits you with a +0 flail!
You die...

#.#
##.###..)?.....
#.#####.>#
######.###
####..##...##
#..#
#........###
##.# #.......##
#.# #........#
#.##
#...>....######
#...
#.............#
###.
#######@#####..#
#. #g## #. #..#
#..... ##.#
#.#### ... .
..... .# .......
..# ....... ..
....... ...


You could see a gnoll.

Vanquished Creatures
  2 hounds (D:4)
  Terence (D:3)
  5 gnolls
  6 adders
  An adder skeleton (D:4)
  2 worms
  2 dart slugs
  3 bats
  7 endoplasms
  2 giant cockroaches
  2 goblins (D:1)
  8 hobgoblins
  3 jackals (D:3)
  2 quokkas
  2 ball pythons
  4 frilled lizards
  5 kobolds
  6 rats
63 creatures vanquished.

Vanquished Creatures (others)
  A rat (D:1)
1 creature vanquished.

Grand Total: 64 creatures vanquished

Notes
Turn   | Place    | Note
-------+----------+-------------------------------------------
     0 | D:1      | HallandMoats the Gargoyle Fighter began the quest for the
                  | Orb.
     0 | D:1      | Reached XP level 1. HP: 14/14 MP: 1/1
   144 | D:1      | Reached XP level 2. HP: 8/19 MP: 2/2
   348 | D:1      | Found a faded altar of an unknown god.
   354 | D:1      | Prayed at the altar of an unknown god.
   354 | D:1      | Became a worshipper of Ru the Awakened
   360 | D:1      | Gained mutation: You cannot study or use magical devices.
                  | [Ru sacrifice]
   360 | D:1      | Reached * piety under Ru
   360 | D:1      | Reached ** piety under Ru
  1382 | D:2      | Reached XP level 3. HP: 23/23 MP: 3/3
  1503 | D:2      | Found Karapn's Book Shop.
  1753 | D:2      | Reached XP level 4. HP: 17/29 MP: 4/4
  2683 | D:3      | Reached skill level 1 in Dodging
  2734 | D:3      | Noticed Terence
  2745 | D:3      | Killed Terence
  2746 | D:3      | Reached XP level 5. HP: 23/34 MP: 5/5
  3124 | D:3      | Gained mutation: Your magical capacity is low. (-10% MP)
                  | [Ru sacrifice]
  3379 | D:4      | Reached skill level 1 in Invocations
  3379 | D:4      | Reached XP level 6. HP: 37/39 MP: 6/6
  3565 | D:4      | Slain by a gnoll

Illustrated notes

Levels and vault maps discovered:
D:1:      dpeg_arrival_simpleton_c, layout_basic,
          dreamdust_ecumenical_altar_angels_and_demons
D:2:      layout_basic, serial_shops, nicolae_shop_advertising_works
          [nicolae_subvault_shop_adworks], grunt_decor_one_mirror
D:3:      layout_basic, skrybe_limestone_x, minmay_misc_feat_columns,
          kennysheep_generic_room_7, uniq_terence
D:4:      layout_rooms, uniq_eustachio, uniq_ijyb, uniq_pikel, uniq_edmund

Skill      XL: |  1  2  3  4  5 |
---------------+----------------+-----
Axes           | 2 3 |  3.1
Fighting       | 4 |  4.7
Dodging        | 1 |  1.3
Armour         | 4 |  4.1
Shields        | 4 |  4.0
Invocations    | 1 |  1.3

Action                   |  1- 3 |  4- 6 || total
-------------------------+-------+-------++-------
Melee: War axe           |    32 |    25 ||    57
       Mace              |    64 |   145 ||   209
Invok: Sacrifice Artific |     1 |       ||     1
       Sacrifice Essence |       |     1 ||     1
  Use: Potion            |       |     1 ||     1
       Scroll            |       |     7 ||     7
 Stab: Invisible         |     1 |       ||     1
Armor: Scale mail        |    54 |    85 ||   139
Dodge: Dodged            |    38 |   104 ||   142
Block: Buckler           |    19 |    33 ||    52

Table legend: (Time is in decaauts)
 A = Elapsed time spent in this place.
 B = Non-inter-level travel time spent in this place.
 C = Inter-level travel time spent in this place.
 D = Time resting spent in this place.
 E = Time spent auto-exploring this place.
 F = Levels seen in this place.
 G = Mean time per level.
                   A        B        C        D        E       F      G
               +--------+--------+--------+--------+--------+-----+--------+
         Total |   3664 |   3641 |     23 |      0 |   2969 |   4 |  916.0 |
       Dungeon |   3664 |   3641 |     23 |      0 |   2969 |   4 |  916.0 |
               +--------+--------+--------+--------+--------+-----+--------+

Top non-repeatable levels by time:
     D:1: 1264 daAuts
     D:2: 1149 daAuts
     D:3: 902 daAuts
     D:4: 348 daAuts
